 Dungeon Crawl Stone Soup version 0.26.0-10-g1f06aea511 (webtiles) character file.

Game seed: 1784769965403793857

60 Dracia the Poker (level 4, 0/38 HPs)
             Began as a Gnoll Wanderer on Jan 14, 2021.
             Slain by a hobgoblin
             ... wielding a +0 club
             ... led by Robin
              (3 damage)
             ... on level 2 of the Dungeon.
             The game lasted 00:03:03 (1344 turns).

Dracia the Poker (Gnoll Wanderer)                   Turns: 1344, Time: 00:03:04

Health: 0/38       AC:  4    Str: 13    XL:     4   Next: 6%
Magic:  8/8        EV: 11    Int: 16    God:
Gold:   42         SH:  0    Dex: 15    Spells: 1/8 levels left

rFire    . . .     SeeInvis .   a - +0 spear
rCold    . . .     Faith    .   (no shield)
rNeg     . . .     Spirit   .   h - +0 leather armour
rPois    .         Reflect  .   f - +0 helmet
rElec    .         Harm     .   (no cloak)
rCorr    .         Rampage  .   (no gloves)
Will     .....                  (no boots)
Stlth    +.........             (no amulet)
HPRegen  0.12/turn              (no ring)
MPRegen  0.11/turn              (no ring)

@: lethally poisoned (0 -> -3), about to teleport
A: distributed training, fangs 1, strong nose
a: no special abilities


You were on level 2 of the Dungeon.
You visited 1 branch of the dungeon, and saw 2 of its levels.

You collected 42 gold pieces.


Innate Abilities, Weirdness & Mutations

Your experience applies equally to all skills.
You have very sharp teeth.
Your uncanny sense of smell can sniff out nearby items.


   Skills:
 + Level 4.6 Fighting
 + Level 1.0 Short Blades
 + Level 1.0 Long Blades
 + Level 1.0 Axes
 + Level 1.0 Maces & Flails
 + Level 6.5 Polearms
 + Level 1.0 Staves
 + Level 1.0 Slings
 + Level 1.0 Bows
 + Level 1.0 Crossbows
 + Level 1.0 Throwing
 + Level 1.0 Armour
 + Level 1.0 Dodging
 + Level 1.0 Stealth
 + Level 4.6 Shields
 + Level 1.0 Unarmed Combat
 + Level 2.9 Spellcasting
 + Level 0.7 Conjurations
 + Level 0.7 Hexes
 + Level 0.7 Summonings
 + Level 0.7 Necromancy
 + Level 0.7 Translocations
 + Level 3.8 Transmutations
 + Level 0.7 Fire Magic
 + Level 0.7 Ice Magic
 + Level 0.7 Air Magic
 + Level 0.7 Earth Magic
 + Level 0.7 Poison Magic
 + Level 1.1 Invocations
 + Level 1.0 Evocations


You had one spell level left.
You knew the following spells:

 Your Spells              Type           Power        Failure   Level
a - Passwall              Tmut/Erth      7%           14%         2
s - Summon Small Mammal   Summ           16%          19%         1
w - Stone Arrow           Conj/Erth      8%           47%         3
z - Sandblast             Erth           8%           19%         1

Your spell library contained the following spells:

 Spells                   Type           Power        Failure   Level
 Summon Guardian Golem    Hex/Summ       4%           47%         3
 Petrify                  Tmut/Erth      9%           67%         4
 Lee's Rapid Deconstruct  Erth           2%           99%         5

Inventory:

Hand Weapons
 a - a +0 spear (weapon)
Missiles
 b - 58 stones
Armour
 d - a +0 robe
 f - a +0 helmet (worn)
 h - a +0 leather armour (worn)
Scrolls
 g - a scroll of identify {unknown}

Dungeon Overview and Level Annotations

Branches:
Dungeon (2/15)

Altars:

Annotations:
D:2 Robin

#..#######.###.#
#..............#.....
#..#####.#.#### .....
#..# #...# ##.....
#..# #.### .......
#..# #†#####.......
#..#####.##..g.......
#....(...##.#gg.....#
#.......(##.#@ggS...#
#..........)#gg......
#..........)(g...##.#
####...######..#.#
#... #.<.... ##..
...#.### ### ####..(
###


You could see Robin, an adder, 2 hobgoblins and 5 goblins.


Message History

Robin roars a battlecry!
The goblins go into a battle-frenzy!
The goblin barely misses you. The goblin closely misses you.
The hobgoblin misses you. The hobgoblin closely misses you.
The adder hisses angrily.
It was a potion of curing.
You feel better.
Robin hits you with a +2 short sword of venom.
You are poisoned.
The goblin hits you with a +0 dagger.
* * * LOW HITPOINT WARNING * * *
The goblin hits you.
* * * LOW HITPOINT WARNING * * *
As you read the scroll labelled CUECVI HEOFUF, it crumbles to dust.
You feel strangely unstable.
It was a scroll of teleportation.
You feel sick. The hobgoblin hits you with a +0 club.
* * * LOW HITPOINT WARNING * * *
The hobgoblin closely misses you. The goblin misses you.
The goblin barely misses you.
You hit Robin but do no damage.
Robin is lightly wounded.
The hobgoblin hits you with a cursed +0 club.
* * * LOW HITPOINT WARNING * * *
The hobgoblin hits you with a +0 club.
* * * LOW HITPOINT WARNING * * *
The goblin hits you but does no damage. The goblin hits you.
* * * LOW HITPOINT WARNING * * *
You hit Robin but do no damage.
Robin is lightly wounded.
The hobgoblin hits you with a +0 club.
You die...

Skill      XL: |  1  2  3 |
---------------+----------+-----
Invocations    | 1 |  1.1
Short Blades   | 1 |  1.0
Long Blades    | 1 |  1.0
Axes           | 1 |  1.0
Maces & Flails | 1 |  1.0
Staves         | 1 |  1.0
Slings         | 1 |  1.0
Bows           | 1 |  1.0
Crossbows      | 1 |  1.0
Throwing       | 1 |  1.0
Armour         | 1 |  1.0
Dodging        | 1 |  1.0
Stealth        | 1 |  1.0
Unarmed Combat | 1 |  1.0
Evocations     | 1 |  1.0
Fighting       | |  4.6
Polearms       | |  6.5
Shields        | |  4.6
Spellcasting   | |  2.9
Conjurations   | |  0.7
Hexes          | |  0.7
Summonings     | |  0.7
Necromancy     | |  0.7
Translocations | |  0.7
Transmutations | |  3.8
Fire Magic     | |  0.7
Ice Magic      | |  0.7
Air Magic      | |  0.7
Earth Magic    | |  0.7
Poison Magic   | |  0.7

Action                   |  1- 3 |  4- 6 || total
-------------------------+-------+-------++-------
Melee: Spear             |   153 |    17 ||   170
       Bite              |    10 |       ||    10
  Use: Scroll            |       |     1 ||     1
       Potion            |       |     1 ||     1
 Stab: Sleeping          |     5 |       ||     5
Armor: Robe              |    27 |       ||    27
       Leather armour    |     5 |     7 ||    12
Dodge: Dodged            |    76 |    10 ||    86

Levels and vault maps discovered:
D:1:      lightli_iron_boxes, layout_basic
D:2:      layout_loops_ring, uniq_robin, uniq_sigmund

Notes
Turn   | Place    | Note
-------+----------+-------------------------------------------
     0 | D:1      | Dracia the Gnoll Wanderer began the quest for the Orb.
     0 | D:1      | Dracia set off with the following items: a +0 spear, a +0
                  | robe; and the following spells available to memorise:
                  | Passwall, Sandblast, Summon Small Mammal, Stone Arrow,
                  | Summon Guardian Golem, Petrify, Lee's Rapid Deconstruction
     0 | D:1      | Reached XP level 1. HP: 20/20 MP: 4/4
   204 | D:1      | Reached XP level 2. HP: 25/26 MP: 5/5
   267 | D:1      | Reached XP level 3. HP: 12/31 MP: 7/7
   535 | D:1      | Learned a level 2 spell: Passwall
   537 | D:1      | Learned a level 1 spell: Sandblast
   541 | D:1      | Learned a level 3 spell: Stone Arrow
   543 | D:1      | Learned a level 1 spell: Summon Small Mammal
   811 | D:1      | Reached skill level 1 in Invocations
  1300 | D:2      | Reached skill level 1 in Short Blades
  1300 | D:2      | Reached skill level 1 in Long Blades
  1300 | D:2      | Reached skill level 1 in Axes
  1300 | D:2      | Reached skill level 1 in Maces & Flails
  1300 | D:2      | Reached skill level 1 in Staves
  1300 | D:2      | Reached skill level 1 in Slings
  1300 | D:2      | Reached skill level 1 in Bows
  1300 | D:2      | Reached skill level 1 in Crossbows
  1300 | D:2      | Reached skill level 1 in Throwing
  1300 | D:2      | Reached skill level 1 in Armour
  1300 | D:2      | Reached skill level 1 in Dodging
  1300 | D:2      | Reached skill level 1 in Stealth
  1300 | D:2      | Reached skill level 1 in Unarmed Combat
  1300 | D:2      | Reached skill level 1 in Evocations
  1319 | D:2      | Reached XP level 4. HP: 35/38 MP: 8/8
  1331 | D:2      | Noticed Robin
  1343 | D:2      | HP: 3/38 [goblin[Robin] (1)]
  1344 | D:2      | Slain by a hobgoblin

Vanquished Creatures
  An ooze (D:1)
  2 dart slugs (D:1)
  7 bats (D:1)
  A giant cockroach (D:1)
  9 goblins
  6 hobgoblins
  6 jackals
  6 kobolds
  2 frilled lizards (D:1)
  5 rats
45 creatures vanquished.

Table legend: (Time is in decaauts)
 A = Elapsed time spent in this place.
 B = Non-inter-level travel time spent in this place.
 C = Inter-level travel time spent in this place.
 D = Time resting spent in this place.
 E = Time spent auto-exploring this place.
 F = Levels seen in this place.
 G = Mean time per level.
                   A        B        C        D        E       F      G
               +--------+--------+--------+--------+--------+-----+--------+
         Total |   1306 |   1243 |     63 |      0 |    965 |   2 |  653.0 |
       Dungeon |   1306 |   1243 |     63 |      0 |    965 |   2 |  653.0 |
               +--------+--------+--------+--------+--------+-----+--------+

Top non-repeatable levels by time:
     D:1: 1250 daAuts
     D:2: 56 daAuts

Table legend:
 A = Non-vault XP
 B = Vault XP
 C = Vault XP percentage of total XP
 D = Non-vault monster count
 E = Vault monster count
 F = Vault count percentage of total count
                 A         B        C        D         E       F
            +---------+---------+-------+---------+---------+-------
      Total |      83 |       4 |   4.6 |      43 |       2 |   4.4
            +---------+---------+-------+---------+---------+-------
        D:1 |      70 |       0 |   0.0 |      36 |       0 |   0.0
        D:2 |      13 |       4 |  23.5 |       7 |       2 |  22.2
            +---------+---------+-------+---------+---------+-------
